 Yiufcrawl Soup (a DCSS fork) version 1.5.2b1-yiuf-19-g91104ff (webtiles) character file.

660 TittyCrusher the Cleaver (level 7, -4/52 HPs)
             Began as a Lava Orc Fighter on Jan 25, 2018.
             Was a Follower of Okawaru.
             Killed by nerve-wracking pain
             ... invoked by an orc priest
              (13 damage)
             ... on level 5 of the Dungeon.
             The game lasted 00:08:47 (3401 turns).

TittyCrusher the Cleaver (Lava Orc Fighter)         Turns: 3401, Time: 00:08:47

Health: -4/52      AC: 16    Str: 25      XL:     7   Next: 30%
Magic:  0/7        EV:  4    Int:  9      God:    Okawaru [*.....]
Gold:   263        SH: 10    Dex:  7 (10) Spells: 6/6 levels left

rFire    + . .     SeeInvis .   a - +2 hand axe (elec)
rCold    . . .     Gourm    .   c - +0 shield
rNeg     . . .     Faith    .   o - +0 plate armour
rPois    .         Spirit   +   (no helmet)
rElec    .         Reflect  .   g - +1 cloak
rCorr    +         Harm     .   (no gloves)
MR       .....                  (no boots)
Stlth    ..........             E - amulet of guardian spirit
Regen    0.2/turn               H - +2 ring of slaying
MPRegen  0.1/turn               r - ring of resist corrosion

@: mighty
A: temperature effects, low MR
a: Heroism, Renounce Religion, Convert to Beogh


You were on level 5 of the Dungeon.
You worshipped Okawaru.
Okawaru was aware of your devotion.
You were not hungry.

You visited 2 branches of the dungeon, and saw 6 of its levels.

You collected 263 gold pieces.

Inventory:

Hand Weapons
 a - a +2 hand axe of electrocution (weapon)
 C - a +0 war axe
Missiles
 s - 7 javelins (quivered)
Armour
 b - a +0 scale mail
 c - a +0 shield (worn)
 g - a +1 cloak (worn)
 o - a +0 plate armour (worn)
Jewellery
 n - a +2 ring of intelligence
 r - a ring of resist corrosion (right hand)
 E - an amulet of guardian spirit (around neck)
 H - a +2 ring of slaying (left hand)
Wands
 p - a wand of paralysis (7/24)
 q - a wand of iceblast (3/15)
 y - a wand of random effects (32/48)
 F - a wand of flame (30/48)
 I - a wand of polymorph (8/24)
Scrolls
 i - 5 scrolls of remove curse
 m - 2 scrolls of teleportation {unknown}
 w - a scroll of fog
 x - a scroll of fear {unknown}
 B - a scroll of blinking {unknown}
 D - a scroll of enchant armour {unknown}
 G - a scroll of immolation {unknown}
 J - a scroll of magic mapping
Potions
 e - 2 potions of curing
 h - a potion of magic
 j - a potion of flight
 l - a potion of haste
 t - 2 potions of brilliance
 u - a potion of mutation {unknown}
 A - a potion of berserk rage {unknown}
Comestibles
 f - a bread ration
 k - 4 fruits
 v - 4 royal jellies
 z - a meat ration


   Skills:
 - Level 3.0 Fighting
 + Level 9.8 Axes
 - Level 3.6 Armour
 - Level 3.2 Shields


You had 6 spell levels left.
You didn't know any spells.

Dungeon Overview and Level Annotations

Branches:
Dungeon (5/15)             Temple (1/1) D:4

Altars:
Ashenzari
Cheibriados
Dithmenos
Elyvilon
Fedhas
Gozag
Hepliaklqana
Kikubaaqudgha
Makhleb
Nemelex Xobeh
Okawaru
Qazlal
Ru
Trog
Uskayaw
Vehumet
Wu Jian
Xom
Zin
The Shining One

Shops:
D:5 }


Message History

The orc priest mumbles some strange prayers to Beogh against you.
You barely resist.
You feel very mighty all of a sudden.
The orc priest mumbles some strange prayers to Beogh against you.
Beogh smites you!
The orc wizard points at you and mumbles some strange words.
The magic dart hits you!
Unknown command.
You slash the orc priest!
The orc priest shouts, "Beogh is our master!
Accept the truth or die!"
The orc priest is heavily wounded.
You slash the orc wizard!
The orc priest shouts, "Surrender to Beogh and we'll let you live!"
The orc priest hits you with a flail.
The orc priest calls down the wrath of Beogh upon you.
Beogh smites you!
* * * LOW HITPOINT WARNING * * *
The orc priest mumbles some strange prayers to Beogh against you.
Pain shoots through your body!
You die...

#........#..........# #.######.
#....##..#..........#####......#.
##########......#####...#......#.
.....##..#......#..#...........#.
#.....#..+......+..#....####'###.
#.....#..#.)....##'##...#........
#.....'..#..........#...#.......#
###+####'#....o.o...#...+.......+
............##'#@...'...#.......#
............#..#o...##.##.......#
............#o.#..............>..
............#o..o................
...............#.........).......
............#..#.................
.....########.##.....############
.....#....# #.....# ...........
#.<...#


You could see 3 orc priests and an orc wizard.

Vanquished Creatures
  A water moccasin (D:5)
  An ogre (D:4)
  A centaur (D:5)
  A scorpion (D:4)
  A quasit (D:5)
  2 orc wizards (D:3)
  An iguana (D:4)
  Terence (D:3)
  2 worker ants
  A gnoll (D:1)
  4 adders
  2 oozes (D:3)
  5 worms
  3 dart slugs
  4 leopard geckos
  5 orcs (D:3)
  3 giant cockroaches
  4 goblins
  13 hobgoblins
  3 jackals (D:4)
  4 quokkas
  2 ball pythons
  5 bats
  3 frilled lizards
  5 kobolds
  A leopard gecko skeleton (D:4)
  9 rats
87 creatures vanquished.

Notes
Turn   | Place    | Note
-------+----------+-------------------------------------------
     0 | D:1      | TittyCrusher the Lava Orc Fighter began the quest for the Orb.
     0 | D:1      | Reached XP level 1. HP: 18/18 MP: 1/1
   225 | D:1      | Reached skill level 3 in Axes
   239 | D:1      | Reached XP level 2. HP: 24/24 MP: 2/2
   461 | D:1      | You fall through a shaft!
   483 | D:2      | Found a shattered altar of Ashenzari.
   645 | D:2      | Reached skill level 4 in Axes
   662 | D:2      | Found an opulent altar of Gozag.
   672 | D:2      | Reached XP level 3. HP: 29/29 MP: 3/3
  1063 | D:2      | Reached skill level 5 in Axes
  1174 | D:3      | Noticed Terence
  1186 | D:3      | Reached XP level 4. HP: 22/35 MP: 4/4
  1187 | D:3      | Killed Terence
  1470 | D:3      | Reached skill level 6 in Axes
  1470 | D:3      | Reached XP level 5. HP: 41/41 MP: 5/5
  1885 | D:3      | Reached skill level 7 in Axes
  1991 | D:3      | Found a white marble altar of Elyvilon.
  1991 | D:3      | Found a glowing golden altar of the Shining One.
  1992 | D:3      | Found a glowing silver altar of Zin.
  2053 | D:4      | Found a stormy altar of Qazlal.
  2055 | D:4      | Found a shadowy altar of Dithmenos.
  2056 | D:4      | Found a bloodstained altar of Trog.
  2070 | D:4      | Found an ancient bone altar of Kikubaaqudgha.
  2177 | D:4      | Found a staircase to the Ecumenical Temple.
  2233 | Temple   | Entered the Ecumenical Temple
  2421 | Temple   | Became a worshipper of Warmaster Okawaru
  2558 | D:4      | Reached XP level 6. HP: 47/47 MP: 6/6
  2665 | D:4      | Reached skill level 8 in Axes
  2893 | D:5      | Entered Level 5 of the Dungeon
  2948 | D:5      | Noticed a water moccasin
  2961 | D:5      | Killed a water moccasin
  2961 | D:5      | Reached * piety under Okawaru
  2961 | D:5      | Reached skill level 9 in Axes
  2961 | D:5      | Reached XP level 7. HP: 35/52 MP: 4/7
  3277 | D:5      | Found Tisotso's Gadget Emporium.
  3401 | D:5      | Killed from afar by an orc priest

Skill      XL: |  1  2  3  4  5  6 |
---------------+-------------------+-----
Axes           | 3 4 5 6 7 9 |  9.8
Fighting       | |  3.0
Armour         | |  3.6
Shields        | |  3.2

Action                   |  1- 3 |  4- 6 |  7- 9 || total
-------------------------+-------+-------+-------++-------
Melee: War axe           |    99 |    45 |       ||   144
       Hand axe          |       |    87 |    42 ||   129
  Use: Scroll            |       |     7 |       ||     7
       Potion            |       |       |     3 ||     3
  Eat: Chunk             |     1 |     4 |     1 ||     6
Armor: Scale mail        |    10 |       |       ||    10
       Plate armour      |    67 |    79 |    60 ||   206
Dodge: Dodged            |    18 |    16 |    11 ||    45
Block: Shield            |    57 |    58 |    37 ||   152
